[Event "*** Titled Tuesday Blitz AM"]
[Site "Chess.com"]
[Date "2020.01.07"]
[Round "2"]
[White "Region_07"]
[Black "elpepinillo14"]
[Result "1-0"]
[WhiteElo "2374"]
[BlackElo "2636"]
[TimeControl "180+2"]
[EndTime "9:23:03 PST"]
[Termination "Region_07 won by resignation"]

1. d4 e6 2. Nf3 d5 3. Bg5 Nf6 4. e3 c5 5. c4 Qb6 6. Bxf6 Qxb2 7. Nbd2 gxf6 8. Rb1 Qa3 9. cxd5 exd5 10. Bb5+ Nc6 11. O-O Bd6 12. e4 O-O 13. Rb3 Qxa2 14. dxc5 Bxc5 15.
exd5 Ne7 16. Ne4 b6 17. Nxf6+ Kg7 18. Nh5+ Kg8 19. d6 Ng6 20. Ng5 Bb7 21. Nf6+ Kg7 22. Bc4 Qa4 23. Qg4 Kxf6 24. Nxh7+ Kg7 25. Rg3 Kxh7 26.
Qh5+ Kg7 27. Qe5+ Kh7 28. Rh3+ Kg8 29. Qh5 Bxf2+ 30. Rxf2 Qd1+ 31. Qxd1 1-0

[Event "*** Titled Tuesday Blitz AM"]
[Site "Chess.com"]
[Date "2020.01.07"]
[Round "2"]
[White "shanemelaughcm"]
[Black "PotapovaM"]
[Result "1-0"]
[WhiteElo "2331"]
[BlackElo "2514"]
[TimeControl "180+2"]
[EndTime "9:23:09 PST"]
[Termination "shanemelaughcm won by resignation"]

1. e4 c5 2. d4 cxd4 3. c3 dxc3 4. Nxc3 d6 5. Nf3 Nc6 6. Bc4 a6 7. O-O Nf6 8. h3 e6 9. Qe2 Be7 10. Rd1 Bd7 11. Bf4 O-O 12. Bxd6 Bxd6 13. Rxd6 Qe7 14. Rad1 Rfd8 15. e5 Ne8 16. R6d2 b5 17. Bb3 Na5 18. Bc2 g6 19. b3 Bc6 20. Be4 Rac8 21. Bxc6 Nxc6 22. Ne4 Nb4 23. Nd6 Nxd6 24. Rxd6 Nd5 25. Rxa6 Kg7 26. Qxb5 Rc2 27. Qa5 Rd7 28. Qa3 Qe8 29. Ra8 Rd8 30. Ra7 Rd7 31. Nd4 Rcc7 32. Ra8 Rd8 33. Ra6 Rcd7 34. Nc6 Nf4 35. Rxd7 Rxd7 36.
Ra8 Rd1+ 37. Kh2 1-0

[Event "*** Titled Tuesday Blitz AM"]
[Site "Chess.com"]
[Date "2020.01.07"]
[Round "2"]
[White "Rikikits"]
[Black "Jabberwockiez"]
[Result "1-0"]
[WhiteElo "2707"]
[BlackElo "2260"]
[TimeControl "180+2"]
[EndTime "9:23:10 PST"]
[Termination "Rikikits won by resignation"]

1. b3 e5 2. Bb2 Nc6 3. e3 Nf6 4. Bb5 Bd6 5. Na3 a6 6. Bxc6 dxc6 7. Nc4 O-O 8. Nxe5 Re8 9. Ngf3 Bf5 10. O-O c5 11. h3 h6 12. d4 cxd4 13. exd4 c6 14. Re1 Nd5 15. Qd2 f6 16. Nd3 Qc7 17. c4 Nf4 18. Nxf4 Bxf4 19. Qc3 Be4 20. Re2 Re6 21. Rae1 Rae8 22. Bc1 f5 23. Bxf4 Qxf4 24. Nd2 Rg6 25. f3 Rg3 26. Qe3 Qh4 27. Qf2 Qxh3 28. fxe4 f4 29. Nf3 g5 30. Nh2 Rf8 31. Kh1 Qh4 32.
Rf1 f3 33. gxf3 Rfxf3 34. Qxf3 Rxf3 35. Rxf3 g4 36. Rfe3 g3 37. Rxg3+ Kh7 38. Rf3 Qg5 39. e5 Qc1+ 40. Rf1 Qg5 41. e6 Qh4 42. e7 1-0

[Event "*** Titled Tuesday Blitz AM"]
[Site "Chess.com"]
[Date "2020.01.07"]
[Round "2"]
[White "bluejay1897"]
[Black "ALeks_Ivlev"]
[Result "1/2-1/2"]
[WhiteElo "2366"]
[BlackElo "2611"]
[TimeControl "180+2"]
[EndTime "9:23:15 PST"]
[Termination "Game drawn by repetition"]

1. Nf3 Nf6 2. g3 g6 3. b3 Bg7 4. Bb2 O-O 5. Bg2 c5 6. c4 Nc6 7.
O-O d5 8. cxd5 Nxd5 9. Bxg7 Kxg7 10. Qc2 b6 11. Nc3 Bb7 12. d3 Rc8 13. Rac1 Nd4 14. Qb2 Nxc3 15. Qxc3 e5 16. Nxd4 exd4 17. Qd2 Bxg2 18.
Kxg2 Qd5+ 19. Kg1 Rfe8 20. Rce1 Rcd8 21. Rc1 h5 22. h4 Re6 23. Rfe1 Rde8 24. Rc2 Qf5 25.
b4 Qh3 26. bxc5 Re3 27. Rf1 Rxg3+ 28. fxg3 Qxg3+ 29. Kh1 Re3 30. Qxe3 dxe3 31. c6 Qxh4+ 32. Kg2 Qg4+ 33. Kh2 Qa4 34. Rc4 Qxa2 35. c7 Qxe2+ 36. Kg1 b5 37. c8=Q bxc4 38. Qxc4 f5 39. Qd4+ Kh7 40. Qxa7+ Kh6 41. Qd4 Kh7 42. Qa7+ Kh6 43. Qd4 Qd2 44. Qf4+ Kg7 45. Rb1 Qxd3 46. Rb7+ Kf6 47.
Rb6+ Kg7 48. Qe5+ Kh6 49. Qf4+ Kg7 50. Qc7+ Kh6 51. Qf4+ Kg7 1/2-1/2

[Event "*** Titled Tuesday Blitz AM"]
[Site "Chess.com"]
[Date "2020.01.07"]
[Round "2"]
[White "GMHess"]
[Black "CuteRook"]
[Result "1-0"]
[WhiteElo "2723"]
[BlackElo "2372"]
[TimeControl "180+2"]
[EndTime "9:23:18 PST"]
[Termination "GMHess won by resignation"]

1. a3 Nf6 2. h3 g6 3. g4 d6 4. Bg2 e5 5. c4 Bg7 6. Nc3 c6 7. b4 Be6 8. d3 d5 9. cxd5 cxd5 10. Bb2 Nc6 11. Nf3 d4 12. Na4 Nd5 13. Nc5 Bc8 14. Bc1 b6 15. Qa4 Qd6 16. Ne4 Qd7 17.
O-O O-O 18. Bd2 Bb7 19. Rac1 Rac8 20. g5 Rfd8 21. Rc2 Nf4 22. Bxf4 exf4 23. Rfc1 Ne5 24.
Qxd7 Nxd7 25. Nd6 Rxc2 26. Rxc2 Bxf3 27. Bxf3 Ne5 28. Ne4 h6 29. h4 hxg5 30. hxg5 Nxf3+ 31. exf3 Rd5 32. Rc8+ Kh7 33. Rc7 a5 34. Rxf7 Kg8 35. Rc7 axb4 36. axb4 Kh8 37. Rc8+ Kh7 38. Kg2 Rb5 39. Kh3 Rxb4 40. Nf6+ Bxf6 41. gxf6 1-0

[Event "*** Titled Tuesday Blitz AM"]
[Site "Chess.com"]
[Date "2020.01.07"]
[Round "2"]
[White "gemarin"]
[Black "MasterKroket"]
[Result "1-0"]
[WhiteElo "2046"]
[BlackElo "2405"]
[TimeControl "180+2"]
[EndTime "9:23:19 PST"]
[Termination "gemarin won by resignation"]

1. d4 Nf6 2. c4 e6 3. Nf3 b6 4. a3 Bb7 5. Bg5 h6 6. Bh4 Be7 7. Nc3 Ne4 8. Bxe7 Qxe7 9. Qd3 Nxc3 10. Qxc3 a5 11. O-O-O a4 12. d5 O-O 13. e4 Na6 14.
Nd4 Nc5 15. f3 e5 16. Nf5 Qf6 17. d6 c6 18. Kb1 Kh7 19. Qe3 Ba6 20. h4 Qe6 21.
Rc1 Nb3 22. Rc2 b5 23. g4 bxc4 24. h5 Rfb8 25. g5 Nd4 26. Nxd4 exd4 27. Qxd4 hxg5 28. h6 f6 29. hxg7+ Kxg7 30. Bh3 Qe5 31. Qxe5 fxe5 32. Bxd7 Bb5 33. Bf5 Rh8 34. Rxh8 Rxh8 35. Rd2 Kf6 36. Kc2 Rd8 37. Kc3 c5 38. d7 Ke7 39. Rd5 Bxd7 40.
Rxe5+ Kf6 41. Rd5 1-0

[Event "*** Titled Tuesday Blitz AM"]
[Site "Chess.com"]
[Date "2020.01.07"]
[Round "2"]
[White "Didici"]
[Black "Sanan_Sjugirov"]
[Result "0-1"]
[WhiteElo "2646"]
[BlackElo "2957"]
[TimeControl "180+2"]
[EndTime "9:23:31 PST"]
[Termination "Sanan_Sjugirov won by resignation"]

1. d4 Nf6 2. c4 e6 3. Nc3 Bb4 4. e3 O-O 5. Bd3 d5 6. Nf3 b6 7. a3 Bxc3+ 8. bxc3 Ba6 9. cxd5 Qxd5 10. Bxa6 Nxa6 11.
a4 c5 12. O-O Rfc8 13. Qe2 Qb7 14. Ba3 Ne4 15. Rfc1 Nc7 16. Ne5 Nd5 17. dxc5 Nxc5 18. c4 Nf6 19. Bxc5 Rxc5 20. Nd3 Rg5 21. f3 Rc8 22.
Kf2 Rf5 23. Kg1 Nd7 24. e4 Ra5 25. Rc3 Qc6 26. Qe3 Rxa4 27. Rxa4 Qxa4 28. Qd4 h6 29.
Kf2 Nb8 30. Ne5 Qe8 31. Rd3 Nc6 32. Nxc6 Qxc6 33. Qd7 Qxc4 34. Ra3 Qc2+ 35. Kg3 Qc7+ 36.
Qxc7 Rxc7 37. Kf4 f6 0-1

[Event "*** Titled Tuesday Blitz AM"]
[Site "Chess.com"]
[Date "2020.01.07"]
[Round "2"]
[White "Batica1984"]
[Black "TST2014"]
[Result "1-0"]
[WhiteElo "2794"]
[BlackElo "2544"]
[TimeControl "180+2"]
[EndTime "9:23:31 PST"]
[Termination "Batica1984 won by resignation"]

1. e4 c5 2. Nc3 Nc6 3. Bb5 Nd4 4. Nf3 a6 5. Bc4 Nc6 6. d4 b5 7. Be2 cxd4 8. Nxd4 Bb7 9. O-O e6 10. Nxc6 dxc6 11. Bd3 c5 12. Qf3 c4 13. Be2 Nf6 14. Bg5 Be7 15. Rad1 Qc7 16. Bf4 Qc6 17. Qg3 b4 18. e5 bxc3 19. exf6 Bxf6 20. Rd6 Qc8 21. bxc3 O-O 22. Rb1 Bd5 23. Rdb6 Rd8 24. h3 Qc5 25. Be5 Bxe5 26. Qxe5 Qa3 27. R1b2 Qe7 28. a4 a5 29. Qf4 Qa3 30. Bh5 g6 31. Bf3 Qxc3 32. Bxd5 Rxd5 33. Qe4 Rad8 34. Kh2 Rd4 35. Qe5 Qd2 36. Rb8 Qxf2 37.
c3 Rd5 38. Rxd8+ Rxd8 39. Rxf2 h5 40. Qxa5 Rd3 41. Qb4 Rd5 42. a5 h4 43. a6 Rd7 44.
Qb8+ Kg7 45. a7 Rxa7 46. Qxa7 1-0

[Event "*** Titled Tuesday Blitz AM"]
[Site "Chess.com"]
[Date "2020.01.07"]
[Round "2"]
[White "rquery98"]
[Black "LLRChess"]
[Result "1-0"]
[WhiteElo "2528"]
[BlackElo "2302"]
[TimeControl "180+2"]
[EndTime "9:23:33 PST"]
[Termination "rquery98 won by resignation"]

1. e4 c5 2. Nf3 d6 3. Bb5+ Nd7 4. c3 a6 5. Ba4 Nf6 6. Qe2 b5 7. Bc2 g6 8. O-O Bg7 9. d4 e5 10. a4 Rb8 11. axb5 axb5 12. d5 O-O 13. Nbd2 c4 14.
Re1 Nc5 15. Nf1 Nh5 16. h3 Nf4 17. Bxf4 exf4 18. Nd4 Bd7 19. Qf3 g5 20. Qh5 h6 21.
Nh2 Be8 22. Nf5 f6 23. Nxh6+ Bxh6 24. Qxh6 Rb7 25. e5 dxe5 26. Ng4 e4 27. Rxe4 Nxe4 28. Bxe4 f5 29. Qe6+ Kh8 30. Bxf5 Rb6 31. Qe5+ Kg8 32.
Be6+ Bf7 33. Nh6+ Kh7 34. Nxf7 Qe7 35. Nxg5+ Kg6 36. Bf5+ 1-0

[Event "*** Titled Tuesday Blitz AM"]
[Site "Chess.com"]
[Date "2020.01.07"]
[Round "2"]
[White "2L8IWUN"]
[Black "Manukyan_Artak"]
[Result "1-0"]
[WhiteElo "2134"]
[BlackElo "2430"]
[TimeControl "180+2"]
[EndTime "9:23:36 PST"]
[Termination "2L8IWUN won by resignation"]

1. d4 Nf6 2. Nf3 e6 3. Bf4 c5 4. e3 d5 5. c3 Qb6 6. Qb3 c4 7. Qc2 Ne4 8. Nbd2 f5 9. Ne5 Nd7 10. f3 Nxd2 11. Qxd2 Nxe5 12. Bxe5 Kf7 13. Be2 Bd6 14.
Bxd6 Qxd6 15. O-O Rf8 16. e4 Kg8 17. e5 Qe7 18. f4 Bd7 19. b3 b5 20. a4 cxb3 21.
axb5 Rfb8 22. Rfb1 Bxb5 23. Rxb3 Bxe2 24. Rxb8+ Rxb8 25. Qxe2 Rb6 26. Qa2 a6 27. Qa3 Qc7 28. h3 h5 29. Kh2 Kh7 30. Ra2 Qc4 31. Rf2 Rb3 32.
Qe7 Qxc3 33. Rf3 Qb4 34. Qxe6 Rxf3 35. Qxf5+ g6 36. Qf7+ Kh6 37. gxf3 Qd2+ 38. Kg3 Qe1+ 39. Kg2 Qd2+ 40. Kg3 Qe1+ 41. Kg2 Qe2+ 42. Kg1 Qd1+ 43. Kg2 Qc2+ 44. Kg1 Qf5 45. Qxf5 gxf5 46. Kf2 a5 47. Ke2 a4 48. Kd2 Kg6 49. Kc2 1-0

[Event "*** Titled Tuesday Blitz AM"]
[Site "Chess.com"]
[Date "2020.01.07"]
[Round "2"]
[White "MiroVlasenko"]
[Black "Grieve72"]
[Result "1-0"]
[WhiteElo "2708"]
[BlackElo "2266"]
[TimeControl "180+2"]
[EndTime "9:23:37 PST"]
[Termination "MiroVlasenko won by resignation"]

1. d4 f5 2. Bf4 Nf6 3. e3 e6 4. Nf3 g6 5. Nbd2 Bg7 6. Bd3 O-O 7. Qe2 d6 8. O-O-O Nc6 9. h4 Qe7 10. Bc4 a6 11. Bb3 Na5 12. e4 Nxb3+ 13. axb3 fxe4 14. Nxe4 a5 15. Nc3 Bd7 16. Rhe1 Nh5 17.
Be3 a4 18. bxa4 Bxa4 19. Bg5 Qf7 20. Nxa4 Rxa4 21. Qxe6 Qxe6 22. Rxe6 Nf4 23. Bxf4 Rxf4 24. c3 Rf5 25. Kc2 Rb5 26. Ng5 h6 27. Re8+ Bf8 28. Ne6 Kf7 29. Rxf8+ Kxe6 30. Re1+ Kd5 31. Rg8 Ra2 32.
Rb1 Kc4 33. Rxg6 Rf5 34. f3 Rf7 35. Rxh6 Re7 36. Kd2 Kb3 37. Rh5 c6 38. Rg5 Ra8 39.
Re1 Rxe1 40. Kxe1 Kxb2 41. c4 Kc3 42. c5 Kxd4 43. cxd6 b5 44. h5 b4 45. h6 b3 46.
Kd2 Ra1 47. Rg4+ Kc5 48. Kc3 Kxd6 49. Rh4 Ra8 50. Kxb3 Rh8 51. Kc4 Ke5 52. Kc5 Kf5 53. Kxc6 Kg5 54. Rh3 Rxh6+ 55. Rxh6 Kxh6 56. g4 Kg5 57. Kd5 Kf4 58. Ke6 Kg5 59. Ke5 Kg6 60. f4 Kf7 61. f5 Kg7 62. g5 Kf7 63. g6+ Kg7 64. Ke6 Kf8 65. f6 Kg8 66. Ke7 Kh8 67. f7 1-0

[Event "*** Titled Tuesday Blitz AM"]
[Site "Chess.com"]
[Date "2020.01.07"]
[Round "2"]
[White "boo786"]
[Black "attack2mateU"]
[Result "0-1"]
[WhiteElo "2424"]
[BlackElo "2735"]
[TimeControl "180+2"]
[EndTime "9:23:38 PST"]
[Termination "attack2mateU won by resignation"]

1. Nf3 Nf6 2. c4 g6 3. Nc3 d5 4. cxd5 Nxd5 5. h4 Bg7 6. h5 O-O 7. hxg6 hxg6 8. Qb3 Nb6 9. e3 e5 10. d3 Nc6 11. Be2 Be6 12. Qc2 Nb4 13. Qb1 c5 14. a3 Nc6 15. Qc2 Na5 16. Nd2 Rc8 17. b3 Nc6 18. Nc4 Nd5 19. Bb2 b5 20. Nxb5 Qg5 21.
Bf3 Nd4 22. exd4 cxd4 23. Nbd6 Rc7 24. Ne4 Qe7 25. Qd2 f5 26. Ng5 Nf4 27. Nxe6 Qxe6 28.
g3 Nxd3+ 29. Qxd3 e4 30. Qe2 d3 31. Qe3 Bxb2 32. Nxb2 Qxb3 33. Qh6 Qxb2 34. Qxg6+ Rg7 35.
Qe6+ Rgf7 36. Qg6+ Rg7 37. Qe6+ Rgf7 38. O-O exf3 39. Qg6+ Qg7 40. Qxg7+ Kxg7 41. Rfd1 Rd7 42. Rd2 Rfd8 43. Rc1 Kf6 44. Kf1 Rh7 45. Kg1 Rdh8 0-1

[Event "*** Titled Tuesday Blitz AM"]
[Site "Chess.com"]
[Date "2020.01.07"]
[Round "2"]
[White "enkhtuul"]
[Black "Alex_Molchanov"]
[Result "0-1"]
[WhiteElo "2342"]
[BlackElo "2603"]
[TimeControl "180+2"]
[EndTime "9:23:39 PST"]
[Termination "Alex_Molchanov won by checkmate"]

1. d4 d5 2. Nf3 Nf6 3. g3 e6 4.
Bg2 c5 5. O-O cxd4 6. Nxd4 e5 7.
Nb3 Be6 8. Nc3 Be7 9. Bg5 Nbd7 10. e4 d4 11. Nd5 h6 12. Bxf6 Nxf6 13. c4 dxc3 14. bxc3 O-O 15. c4 Nd7 16. f4 f6 17.
f5 Bf7 18. Qe2 Rc8 19. Rfd1 Qe8 20. Rac1 Bc5+ 21. Kh1 b6 22. Bf3 Nb8 23. g4 Nc6 24.
h4 Nd4 25. Nxd4 exd4 26. Qd3 Qe5 27. Rg1 Bd6 28. Rg2 Bxd5 29. exd5 Rfe8 30. Rd1 Qf4 31.
Rf1 Re3 32. Qd1 Rxc4 33. Rff2 Rcc3 34. Be2 Rh3+ 35. Kg1 Qe3 36. Bf1 Bg3 37. Qa4 Bxf2+ 38. Rxf2 Rg3+ 39. Bg2 Rc1+ 40. Kh2 Rxg4 41. Rf3 Qg1+ 42.
Kh3 Qxg2# 0-1

[Event "*** Titled Tuesday Blitz AM"]
[Site "Chess.com"]
[Date "2020.01.07"]
[Round "2"]
[White "MishkaFighter"]
[Black "KaydenTroffChess"]
[Result "1-0"]
[WhiteElo "2416"]
[BlackElo "2704"]
[TimeControl "180+2"]
[EndTime "9:23:41 PST"]
[Termination "MishkaFighter won by checkmate"]

1. d4 Nf6 2. c4 g6 3. Nc3 d5 4. Nf3 Bg7 5. Bg5 Ne4 6. h4 Nxc3 7. bxc3 c5 8. e3 h6 9. Bf4 Nc6 10. Be2 dxc4 11. Bxc4 Na5 12. Be2 Bd7 13. O-O Rc8 14. Rb1 O-O 15. Ne5 Be6 16. Qa4 b6 17. Rfd1 Bf5 18.
Rbc1 Qd5 19. c4 Qb7 20. d5 Rfd8 21. Bf3 Bd7 22. Qc2 Qa6 23. Nxd7 Rxd7 24. Bg4 f5 25. Bh3 b5 26. e4 Qf6 27. exf5 g5 28. hxg5 hxg5 29.
Be5 Qxe5 30. f6 Rcd8 31. Bxd7 Bxf6 32. Be6+ Kg7 33. cxb5 Rh8 34. g3 c4 35. Re1 Qd6 36. Rcd1 c3 37. Re3 Nc4 38. Rxc3 Ne5 39. Re3 Ng6 40.
Bf5 Ne5 41. Rde1 Qxd5 42. Be4 Qd4 43. Bg2 Rd8 44. Qf5 Ng6 45. Be4 Ne5 46. Bb1 Rd5 47.
Rc1 Kf7 48. Qh7+ Ke8 49. Bf5 e6 50. Qg8+ Ke7 51. Qxe6+ Kd8 52. Rc8# 1-0

[Event "*** Titled Tuesday Blitz AM"]
[Site "Chess.com"]
[Date "2020.01.07"]
[Round "2"]
[White "Boundless_Strike"]
[Black "Zarikovs1999"]
[Result "1-0"]
[WhiteElo "2724"]
[BlackElo "2348"]
[TimeControl "180+2"]
[EndTime "9:23:45 PST"]
[Termination "Boundless_Strike won by resignation"]

1. e4 c5 2. Nf3 d6 3. d4 cxd4 4. Nxd4 Nf6 5. Nc3 a6 6. Bg5 Nbd7 7. Bc4 e6 8. Qe2 Qc7 9. Bb3 Nc5 10. O-O-O Be7 11.
f4 Nxb3+ 12. axb3 b5 13. e5 dxe5 14. fxe5 Nd5 15. Bxe7 Nxc3 16. bxc3 Qxe7 17. Nc6 Qa3+ 18. Kb1 O-O 19. Nd8 Qe7 20. Qd2 a5 21. Qd6 Qg5 22.
h4 Qg3 23. Qc6 Rb8 24. Qc7 Ra8 25. Nc6 Kh8 26. Nd8 Ba6 27. Nxf7+ Kg8 28. Nd6 Qe3 29. h5 Ra7 30. Qc6 Raa8 31. h6 g6 32. Ne4 Qa7 33. Qxe6+ Kh8 34. Nf6 Rf7 35. Rd4 b4 36. Rhd1 Raf8 37.
Rd8 Qc7 38. Rxf8+ Rxf8 39. Rd7 1-0

[Event "*** Titled Tuesday Blitz AM"]
[Site "Chess.com"]
[Date "2020.01.07"]
[Round "2"]
[White "karinachess1"]
[Black "enzovsky"]
[Result "1/2-1/2"]
[WhiteElo "2472"]
[BlackElo "2201"]
[TimeControl "180+2"]
[EndTime "9:23:45 PST"]
[Termination "Game drawn by repetition"]

1. Nf3 Nf6 2. g3 g6 3. Bg2 Bg7 4. d4 O-O 5. O-O d5 6. b3 c6 7. c4 dxc4 8. bxc4 c5 9. Bb2 Qb6 10. Qb3 Ne4 11. e3 Nc6 12. Nc3 Bf5 13. Rfd1 e6 14.
Qxb6 axb6 15. Nb5 Ra4 16. Bf1 Bg4 17. Be2 Ng5 18. Kg2 Bxf3+ 19. Bxf3 Nxf3 20. Kxf3 Rxc4 21. Rab1 cxd4 22. Nxd4 Nxd4+ 23. Bxd4 Bxd4 24. Rxd4 Rxd4 25. exd4 Ra8 26. Rxb6 Rxa2 27. Rxb7 h5 28. h4 Rd2 29. Ke3 Ra2 30. Rb8+ Kg7 31. Rb5 Kf6 32. Rb7 Ra3+ 33. Ke4 Ra4 34. f3 Ra5 35. g4 Ra1 36. gxh5 gxh5 37. Rb5 Kg6 38. Rg5+ Kh6 39. d5 exd5+ 40.
Rxd5 Rh1 41. Rd6+ Kg7 42. Kf5 Rxh4 43. Kg5 Rh1 44. Rd4 Rh3 45. Rf4 Rh1 46. Rd4 Rh2 47. Rf4 Rh1 48. Rd4 1/2-1/2

[Event "*** Titled Tuesday Blitz AM"]
[Site "Chess.com"]
[Date "2020.01.07"]
[Round "2"]
[White "cholzan"]
[Black "CarlosAlbornoz"]
[Result "0-1"]
[WhiteElo "2530"]
[BlackElo "2765"]
[TimeControl "180+2"]
[EndTime "9:23:47 PST"]
[Termination "CarlosAlbornoz won by resignation"]

1. d4 Nf6 2. c4 g6 3. Nc3 Bg7 4. e4 d6 5. f3 O-O 6. Be3 c5 7. Nge2 Nc6 8. d5 Na5 9. Ng3 e6 10. Be2 exd5 11. cxd5 a6 12. a4 Bd7 13. O-O Rb8 14.
f4 Re8 15. e5 dxe5 16. fxe5 Rxe5 17. Bf4 Ne8 18. Nge4 f5 19. Ng5 Nd6 20. Nf3 Nac4 21. Nxe5 Nxe5 22. a5 g5 23. Be3 Rc8 24. Na4 Bxa4 25.
Qxa4 f4 26. Bf2 Qf6 27. Rac1 c4 28. Qa3 Ne4 29. Bb6 g4 30. d6 Nxd6 31. Rcd1 Ne4 32. Bd4 Kh8 33. Bxg4 Re8 34. Qh3 Ng5 35. Qh5 Rg8 36.
Rfe1 Qd6 37. Qxg5 Nf3+ 38. Bxf3 Bxd4+ 39. Kh1 Rxg5 40. Re4 Re5 41. Rexd4 Qxd4 0-1

[Event "*** Titled Tuesday Blitz AM"]
[Site "Chess.com"]
[Date "2020.01.07"]
[Round "2"]
[White "SantoBlue"]
[Black "Ba_clbaf_osed_ingo_3v21"]
[Result "0-1"]
[WhiteElo "2767"]
[BlackElo "2552"]
[TimeControl "180+2"]
[EndTime "9:23:51 PST"]
[Termination "Ba_clbaf_osed_ingo_3v21 won by resignation"]

1. e4 c5 2. Nf3 d6 3. d4 cxd4 4. Nxd4 Nf6 5. Nc3 a6 6. Bg5 e6 7. f4 h6 8. Bh4 Qb6 9. a3 Be7 10.
Bf2 Qc7 11. Bd3 b5 12. O-O Bb7 13. Qe2 Nbd7 14. Rae1 O-O 15. e5 Nd5 16. exd6 Bxd6 17.
Nxd5 Bxd5 18. Be3 Nc5 19. Qg4 Nxd3 20. cxd3 f5 21. Qe2 Rf6 22. Rc1 Qb7 23. Nf3 Rff8 24. Bc5 Bxc5+ 25. Rxc5 Rfc8 26. Rxc8+ Rxc8 27. h3 Bxf3 28. Rxf3 Qd5 29. Kh2 Kf7 30. Rg3 g6 31. Qf2 Qd7 32.
Re3 Qa7 33. Qe2 Rc6 34. Qf3 Qc7 35. Re5 Rc5 36. Qe3 Rxe5 37. fxe5 g5 38. d4 Qc4 39.
h4 Kg6 40. hxg5 hxg5 41. Kg1 a5 42. Qd2 b4 43. axb4 axb4 44. Kf2 b3 45. Ke3 f4+ 46.
Ke4 Qc2+ 47. Qd3 g4 48. g3 fxg3 0-1

[Event "*** Titled Tuesday Blitz AM"]
[Site "Chess.com"]
[Date "2020.01.07"]
[Round "2"]
[White "Generalas"]
[Black "SavelijTartakover"]
[Result "0-1"]
[WhiteElo "2205"]
[BlackElo "2705"]
[TimeControl "180+2"]
[EndTime "9:23:58 PST"]
[Termination "SavelijTartakover won by resignation"]

1. e4 c5 2. c3 Nf6 3. e5 Nd5 4.
Nf3 Nc6 5. d4 cxd4 6. cxd4 d6 7.
Bc4 Nb6 8. Bb5 dxe5 9. Nxe5 Bd7 10. Nxd7 Qxd7 11. O-O e6 12. Nc3 Rd8 13. Qf3 a6 14.
Bxc6 Qxc6 15. Qxc6+ bxc6 16. Be3 Nd5 17. Rac1 Bd6 18.
Ne4 Kd7 19. Rc4 Rb8 20. b3 h6 21. Rfc1 Rhc8 22. g3 Rb5 23. Ra4 Ra8 24. Bd2 f5 25.
Nc5+ Bxc5 26. dxc5 e5 27. f3 h5 28. Kf2 g6 29.
Ke2 Rbb8 30. Bg5 Rb4 31. Rxb4 Nxb4 32. Bd2 Nd5 33. Rc4 Kc7 34. h3 Re8 35. g4 e4 36.
fxe4 Rxe4+ 37. Rxe4 fxe4 38. a3 Kd7 39. b4 Ke6 40.
Bc1 Ke5 41. Bd2 Kd4 42. gxh5 gxh5 43. Bg5 Kc3 44. Kf2 Kb3 45. Kg3 Kxa3 46. Kh4 e3 47. Kxh5 Kxb4 48. Kg4 Kc3 49. Kf3 Kd3 0-1

[Event "*** Titled Tuesday Blitz AM"]
[Site "Chess.com"]
[Date "2020.01.07"]
[Round "2"]
[White "goldenspine"]
[Black "Arystanner"]
[Result "0-1"]
[WhiteElo "2333"]
[BlackElo "2718"]
[TimeControl "180+2"]
[EndTime "9:24:01 PST"]
[Termination "Arystanner won by resignation"]

1. d4 Nf6 2. Nf3 d5 3. g3 e6 4. Bg2 c5 5. c4 cxd4 6. cxd5 exd5 7. O-O Nc6 8. Nxd4 Bc5 9. Nxc6 bxc6 10. Bf4 O-O 11.
Nd2 Bb6 12. Rc1 c5 13. Nc4 Be6 14. Ne5 Rc8 15. Qa4 Qe8 16. Qxe8 Rfxe8 17. Rfd1 h6 18.
Nd3 d4 19. b3 c4 20. bxc4 Rxc4 21. a3 Rxc1 22. Rxc1 Bg4 23. Bf3 Bxf3 24. exf3 Nd5 25. Bd6 Re2 26. Kf1 Rd2 27. Nf4 Nxf4 28. Bxf4 Ra2 29. Bd6 d3 30. Rd1 Rxf2+ 31. Ke1 Rxf3 32. Kd2 Rf2+ 33. Kxd3 Rxh2 34. Kc4 g5 35. Be5 h5 36. Rd7 Re2 37. Bf6 Re3 38. Bxg5 Rxg3 39. Rd5 h4 40. Kb5 h3 41. Bf6 Rg6 42. Bc3 f6 43. Rh5 Rg5+ 44. Rxg5+ fxg5 45. Be5 Bg1 46. Ka6 g4 47. a4 h2 48. Bxh2 Bxh2 49. Kxa7 g3 50. a5 g2 51. Kb7 g1=Q 52. a6 Qb1+ 53. Kc8 Bg1 54. Kd7 Ba7 55. Kc7 Qb6+ 56. Kc8 Qxa6+ 57.
Kd8 Qb7 58. Ke8 Bc5 0-1

[Event "*** Titled Tuesday Blitz AM"]
[Site "Chess.com"]
[Date "2020.01.07"]
[Round "2"]
[White "Talcrifice"]
[Black "aa175"]
[Result "1/2-1/2"]
[WhiteElo "2480"]
[BlackElo "2219"]
[TimeControl "180+2"]
[EndTime "9:24:02 PST"]
[Termination "Game drawn by repetition"]

1. d4 e5 2. dxe5 Nc6 3. Bf4 Qe7 4. Nf3 Qb4+ 5. Bd2 Qxb2 6. Nc3 Bb4 7. Rb1 Qa3 8. Rb3 Qa5 9. a3 Bxc3 10. Bxc3 Qc5 11. e4 Nh6 12. h3 a5 13. Qd5 Qe7 14.
a4 b6 15. Qd2 Bb7 16. Bb5 O-O-O 17. O-O Rhe8 18. Rd1 Nb8 19. Qe2 Ng8 20. Bd4 f6 21.
Rc3 Nc6 22. Bxc6 dxc6 23. Rb1 c5 24. Bxc5 bxc5 25. Rcb3 c6 26. Qc4 Rd7 27. exf6 Nxf6 28. e5 Nd5 29. c3 Qf7 30. Qxc5 Nf4 31. Rxb7 Rxb7 32. Qxc6+ Rc7 33. Qa8+ Kd7 34. Rd1+ Ke7 35. Qxa5 Qc4 36. Qb6 Rd8 37. Re1 Ne2+ 38. Kf1 Nxc3+ 39. Kg1 Ne2+ 40. Kh2 Qf4+ 41. Kh1 Qc4 42. Rxe2 Rd1+ 43.
Kh2 Qf4+ 44. g3 Rh1+ 45. Kxh1 Qxf3+ 46. Kh2 Rc1 47. Qd6+ Ke8 48. Qe6+ Kf8 49. Qd6+ Ke8 50. Qb8+ Ke7 51. Qd6+ Ke8 1/2-1/2

[Event "*** Titled Tuesday Blitz AM"]
[Site "Chess.com"]
[Date "2020.01.07"]
[Round "2"]
[White "gmcorrales"]
[Black "olksuna"]
[Result "1-0"]
[WhiteElo "2863"]
[BlackElo "2581"]
[TimeControl "180+2"]
[EndTime "9:24:04 PST"]
[Termination "gmcorrales won by resignation"]

1. e4 c5 2. Nf3 Nc6 3. d4 cxd4 4. Nxd4 Nf6 5. Nc3 e5 6. Ndb5 d6 7. Bg5 a6 8. Na3 b5 9. Bxf6 gxf6 10. Nd5 Bg7 11. Bd3 Ne7 12. Nxe7 Qxe7 13. c3 f5 14. Nc2 d5 15. exf5 e4 16. Be2 O-O 17. O-O Bxf5 18. Qxd5 Bg6 19. Rad1 Kh8 20. Qd6 Qg5 21. Qg3 Qc5 22.
Ne3 Rad8 23. Rxd8 Rxd8 24. Rd1 Rxd1+ 25. Nxd1 h5 26. h4 Qd5 27. a3 Qd2 28. Qe3 Qc2 29.
g3 Kh7 30. Kf1 Bh6 31. Qc5 e3 32. Nxe3 Qxb2 33. Bxh5 Bxe3 34. Bxg6+ fxg6 35. fxe3 Qc1+ 36. Kf2 Qd2+ 37. Kf3 Qd1+ 38. Kf4 Qf1+ 39. Kg5 Qf7 40. g4 a5 41. h5 b4 42. cxb4 axb4 43. axb4 Qg7 44.
hxg6+ Qxg6+ 45. Kf4 Qh6+ 46. g5 Qh4+ 47. Kf5 Qf2+ 48.
Ke6 Qa2+ 49. Ke7 Kg8 50. Kd6 Qa6+ 51. Qc6 Qa3 52. Qd5+ Kg7 53. Qe5+ Kg8 54. Qd5+ Kg7 55. Qb7+ Kg6 56. e4 Qd3+ 57. Qd5 Qa6+ 58. Qc6 Qa3 59. Kc7+ Kxg5 60. b5 Qa7+ 61. Kd6 Qa3+ 62. Qc5+ 1-0

[Event "*** Titled Tuesday Blitz AM"]
[Site "Chess.com"]
[Date "2020.01.07"]
[Round "2"]
[White "Me_ch_an"]
[Black "manitodeplomo"]
[Result "0-1"]
[WhiteElo "2357"]
[BlackElo "2677"]
[TimeControl "180+2"]
[EndTime "9:24:04 PST"]
[Termination "manitodeplomo won by resignation"]

1. e4 c5 2. Nc3 Nc6 3. g3 g6 4. d3 Bg7 5. Be3 Nd4 6. Qd2 Rb8 7. Bg2 b5 8. Nd1 b4 9. c3 bxc3 10. bxc3 Ne6 11. Ne2 Ba6 12. O-O Qa5 13. f4 d6 14.
f5 Nc7 15. Rf2 Nf6 16. h3 O-O 17. g4 Nd7 18. Rc1 Ne5 19. Nb2 Bxd3 20. Nxd3 Nc4 21.
Qe1 Nxe3 22. Nef4 Nxg2 23. Kxg2 e6 24. e5 c4 25. f6 Bh6 26. Nb4 dxe5 27. Nc6 Qc5 28.
Nxe5 Rfd8 29. Rcc2 Nd5 30. Nxf7 Nxf4+ 31. Rxf4 Qd5+ 32.
Rf3 Kxf7 33. Re2 Rd6 34. Qf2 Bf4 35. Qxa7+ Rb7 36. Qf2 g5 37. h4 h6 38. h5 e5 39.
Kh3 Kxf6 40. Qf1 Rdb6 41. Rff2 Rb1 42. Qg2 Qxg2+ 43. Kxg2 Rc1 44. Rf3 Rd7 45. Re4 Rd2+ 46. Rf2 Rxf2+ 47. Kxf2 Rxc3 48. Ke2 Ke6 49. Kd1 Kd5 50. Re2 e4 0-1